 Dungeon Sprint DCSS version bcrawl-1.21 (webtiles) character file.

Game seed: 3473750519857203741

2706 Freyura the Fighter (level 9, -1/93 HPs)
             Began as a Hill Orc Fighter on Feb 15, 2020.
             Was an Elder of Beogh.
             Slain by a cane toad (18 damage)
             ... in the Dungeon (Sprint IX: "|||||||||||||||||||||||||||||").
             The game lasted 00:04:59 (568 turns).

Freyura the Fighter (Hill Orc Fighter)               Turns: 568, Time: 00:04:59

Health: -1/93      AC: 24    Str: 19    XL:     9   Next: 65%
Magic:  18/18      EV:  9    Int:  8    God:    Beogh [****..]
Gold:   16         SH:  0    Dex: 16    Spells: 8/8 levels left

rFire    . . .     SeeInvis .   p - +8 dire flail (protect)
rCold    . . .     Gourm    .   (shield currently unavailable)
rNeg     . . .     Faith    .   s - +1 scale mail
rPois    .         Spirit   .   q - +2 helmet
rElec    .         Reflect  .   (no cloak)
rCorr    .         Harm     .   r - +0 pair of gloves
MR       .....     NoTele   +   (no boots)
Stlth    ..........             (no amulet)
HPRegen  0.25/turn              t - +3 ring of dexterity
MPRegen  0.16/turn              u - +2 ring of protection

@: protection aura
A: no striking features
a: Smiting, Recall Orcish Followers, Renounce Religion


You were in the Dungeon.
You worshipped Beogh.
Beogh was greatly pleased with you.
You were hungry.

You visited 1 branch You collected 16 gold pieces.

Inventory:

Hand Weapons
 p - a +8 dire flail of protection (weapon)
Armour
 q - a +2 helmet (worn)
 r - a +0 pair of gloves (worn)
 s - a +1 scale mail (worn)
Jewellery
 t - a +3 ring of dexterity (left hand)
 u - a +2 ring of protection (right hand)
Wands
 n - a wand of iceblast (10)
Scrolls
 c - a scroll of identify
 k - 2 scrolls of blinking
 l - 4 scrolls of remove curse
 m - 2 scrolls of amnesia
Potions
 a - a potion of might
 b - a potion of berserk rage
 f - 4 potions of curing
 g - 7 potions of heal wounds
 h - 2 potions of haste
 i - 4 potions of magic
 j - a potion of invisibility


   Skills:
 * Level 13.5 Fighting
   Level 13.5 Short Blades
   Level 13.5 Long Blades
   Level 13.5 Axes
   Level 13.5 Maces & Flails
   Level 13.5 Polearms
   Level 13.5 Staves
 + Level 12.4 Armour
   Level 3.2 Shields
   Level 13.5 Unarmed Combat
 + Level 13.0 Invocations


You had 8 spell levels left.
You didn't know any spells.
Your spell library was empty.

Dungeon Overview and Level Annotations

Branches:
Dungeon (1/1)

Altars:
Cheibriados
Dithmenos
Elyvilon
Fedhas
Gozag
Hepliaklqana
Kikubaaqudgha
Lugonu
Makhleb
Nemelex Xobeh
Okawaru
Qazlal
Ru
Sif Muna
Trog
Uskayaw
Vehumet
Wu Jian
Xom
Yredelemnul
Zin
The Shining One
Beogh
Jiyva


Message History

You are too injured to fight recklessly!
You are too injured to fight recklessly!
You are too injured to fight recklessly!
You are too injured to fight recklessly!
You are too injured to fight recklessly!
You puncture the cane toad!
You kill the cane toad!
Beogh accepts your kill.
Your Invocations skill increases to level 13!
You feel sick.
You feel better. The cane toad hits you!
You closely miss the cane toad. The cane toad hits you!
You thump the cane toad!
The cane toad is moderately wounded.
The cane toad hits you!
* * * LOW HITPOINT WARNING * * *
You hit the cane toad but do no damage.
The cane toad is moderately wounded.
The cane toad hits you!!
You die...

▓▓▓▓▓▓▓▓▓▓▓▓▓▓▓▓▓▓▓▓▓▓▓▓▓▓▓▓▓▓▓▓▓
____________________'....†'.....)
▓▓▓▓▓▓▓▓▓▓▓▓▓▓▓▓▓▓▓▓▓▓▓▓▓▓▓▓▓▓▓▓▓
.................................
▓▓▓▓▓▓▓▓▓▓▓▓▓▓▓▓▓▓▓▓▓▓▓▓▓▓▓▓▓▓▓▓▓
...tlFF@.....|......'...
▓▓▓▓▓▓▓▓▓▓▓▓▓▓▓▓▓▓▓▓▓▓▓▓


You could see a komodo dragon, a cane toad, a crocodile and a bullfrog.

Vanquished Creatures
  A centaur warrior (D)
  An ugly thing (D)
  A cane toad (D)
  2 komodo dragons (D)
  2 yaks (D)
  A hungry ghost (D)
  A wolf (D)
  A centaur (D)
  A bullfrog (D)
  A wight (D)
  A jelly (D)
  A hound (D)
  An adder (D)
  A shadow imp (D)
  A leopard gecko (D)
  An orc (D)
  2 bat skeletons (D)
  A goblin (D)
  A hobgoblin (D)
  A jackal (D)
  A giant cockroach zombie (D)
  A jackal skeleton (D)
  2 rats (D)
27 creatures vanquished.

Notes
Turn   | Place    | Note
-------+----------+-------------------------------------------
     0 | D        | Freyura the Hill Orc Fighter began the quest for the Orb.
     0 | D        | Reached XP level 1. HP: 20/20 MP: 1/1
   153 | D        | Noticed a jelly
   157 | D        | Killed a jelly
   157 | D        | Reached skill level 5 in Armour
   157 | D        | Reached XP level 2. HP: 30/30 MP: 2/2
   157 | D        | Reached XP level 3. HP: 37/37 MP: 3/3
   179 | D        | Found a roughly hewn altar of Beogh.
   179 | D        | Found a snail-covered altar of Cheibriados.
   179 | D        | Found a shadowy altar of Dithmenos.
   179 | D        | Found a white marble altar of Elyvilon.
   179 | D        | Found a blossoming altar of Fedhas.
   179 | D        | Found an opulent altar of Gozag.
   180 | D        | Found a hazy altar of Hepliaklqana.
   181 | D        | Found a viscous altar of Jiyva.
   182 | D        | Became a worshipper of Beogh the Brigand
   195 | D        | Found an ancient bone altar of Kikubaaqudgha.
   196 | D        | Found a corrupted altar of Lugonu.
   197 | D        | Found a burning altar of Makhleb.
   198 | D        | Found a sparkling altar of Nemelex Xobeh.
   199 | D        | Found an iron altar of Okawaru.
   200 | D        | Found a stormy altar of Qazlal.
   201 | D        | Found a sacrificial altar of Ru.
   202 | D        | Found a shimmering blue altar of Sif Muna.
   203 | D        | Found a bloodstained altar of Trog.
   204 | D        | Found a hide-covered altar of Uskayaw.
   205 | D        | Found a radiant altar of Vehumet.
   206 | D        | Found an ornate altar of the Wu Jian Council.
   207 | D        | Found a shimmering altar of Xom.
   208 | D        | Found a basalt altar of Yredelemnul.
   209 | D        | Found a glowing silver altar of Zin.
   210 | D        | Found a glowing golden altar of the Shining One.
   227 | D        | Got the +2 halberd of Wu Jian {vamp, rC- Str+6}
   272 | D        | Noticed a hungry ghost
   272 | D        | Noticed a green ugly thing
   279 | D        | Killed a green ugly thing
   279 | D        | Reached skill level 10 in Fighting
   279 | D        | Reached XP level 4. HP: 50/51 MP: 3/10
   279 | D        | Reached XP level 5. HP: 57/58 MP: 3/11
   279 | D        | Reached XP level 6. HP: 65/66 MP: 3/12
   279 | D        | Reached XP level 7. HP: 71/72 MP: 3/13
   295 | D        | Killed a hungry ghost
   295 | D        | Reached * piety under Beogh
   305 | D        | Reached ** piety under Beogh
   362 | D        | Noticed a yak
   362 | D        | Noticed a centaur warrior
   368 | D        | Killed a centaur warrior
   368 | D        | Reached skill level 10 in Armour
   368 | D        | Reached skill level 10 in Invocations
   368 | D        | Reached XP level 8. HP: 78/83 MP: 13/16
   381 | D        | Killed a yak
   381 | D        | Reached *** piety under Beogh
   539 | D        | Noticed a cane toad
   539 | D        | Noticed a cane toad
   539 | D        | Noticed a yak
   539 | D        | Noticed a komodo dragon
   539 | D        | Noticed a komodo dragon
   541 | D        | Reached XP level 9. HP: 91/91 MP: 17/17
   547 | D        | Killed a komodo dragon
   547 | D        | Reached **** piety under Beogh
   547 | D        | Noticed a komodo dragon
   552 | D        | Killed a komodo dragon
   564 | D        | Killed a cane toad
   568 | D        | Slain by a cane toad

Skill      XL: |  1  2  3  4  5  6  7  8  9 |
---------------+----------------------------+-----
Armour         | 5 9 10 11 12 | 12.4
Fighting       | 6 10 11 12 13 | 13.5
Invocations    | 8 10 11 13 | 13.0
Short Blades   | | 13.5
Long Blades    | | 13.5
Axes           | | 13.5
Maces & Flails | | 13.5
Polearms       | | 13.5
Staves         | | 13.5
Shields        | |  3.2
Unarmed Combat | | 13.5

Action                   |  1- 3 |  4- 6 |  7- 9 || total
-------------------------+-------+-------+-------++-------
Melee: Flail             |    55 |       |       ||    55
       Dire flail        |     7 |       |    82 ||    89
  Use: Potion            |     2 |       |     1 ||     3
       Scroll            |       |       |     8 ||     8
  Eat: Ration            |       |       |     1 ||     1
Armor: Scale mail        |    28 |       |    29 ||    57
Dodge: Dodged            |    15 |       |    23 ||    38
Block: Shield            |    28 |       |       ||    28
